 Dungeon Crawl Stone Soup version 0.17-a0-1997-ga88ed7d (webtiles) character file.

113 Ordine the Skirmisher (level 4, 0/33 HPs)
             Began as an Octopode Fighter on Oct 8, 2015.
             Slain by Robin
             ... wielding a +0 trident
              (9 damage)
             ... on level 2 of the Dungeon.
             The game lasted 00:03:21 (1700 turns).

Ordine the Skirmisher (Octopode Fighter)            Turns: 1700, Time: 00:03:21

Health: 0/33       AC:  1    Str: 15    XL:     4   Next: 96%
Magic:  4/4        EV: 10    Int: 10    God:
Gold:   89         SH:  8    Dex: 12    Spells: 0 memorised, 3 levels left

rFire  . . .     SeeInvis .     a - +0 long sword
rCold  . . .     Clarity  .     b - +0 shield
rNeg   . . .     SustAt   .     (helmet restricted)
rPois  .         Gourm    .     (no amulet)
rElec  .         Spirit   .     (no ring)
rCorr  .         Warding  .     (no ring)
rMut   .         Stasis   .     (no ring)
MR     .....                    (no ring)
Stlth  ++........               (no ring)
                                (no ring)
                                (no ring)
                                (no ring)

@: not resistant to hostile enchantments, unstealthy
A: almost no armour, amphibious, 8 rings, constrict 8, camouflage 1, gelatinous
body 1
a: no special abilities


You were on level 2 of the Dungeon.
You were hungry.

You visited 1 branch of the dungeon, and saw 2 of its levels.

You collected 89 gold pieces.

Inventory:

Hand Weapons
 a - a +0 long sword (weapon)
Missiles
 j - 84 stones (quivered)
Armour
 b - a +0 shield (worn)
Scrolls
 g - 5 scrolls of identify {unknown}
 k - a scroll of remove curse {unknown}
Potions
 c - a potion of might
 e - a potion of ambrosia {unknown}
 f - a potion of brilliance {unknown}
 h - 3 potions of curing {unknown}
 m - a potion of haste {unknown}
Comestibles
 d - a bread ration
 i - 3 fruits


   Skills:
 + Level 4.2 Fighting
 + Level 3.8 Long Blades
 - Level 3.0 Dodging
 - Level 3.0 Shields


You had 3 spell levels left.
You didn't know any spells.

Dungeon Overview and Level Annotations

Branches:
Dungeon (2/15)

Altars:

Annotations:
D:2 Robin


Innate Abilities, Weirdness & Mutations

You cannot wear most types of armour.
You are amphibious.
You can wear up to eight rings at the same time.
You can use your tentacles to constrict eight enemies at once.
Your skin changes colour to match your surroundings (Stealth).
Your rubbery body absorbs attacks (AC +1).


Message History

No target in view!
No target in view!
No target in view!
Items here: )) ††† a dagger x2 a hobgoblin corpse; a goblin corpse; a goblin corpse You block the hobgoblin's attack.
You hit the hobgoblin but do no damage. You grab the hobgoblin.
You constrict the hobgoblin.
Robin hits you from afar with a trident!
* * * LOW HITPOINT WARNING * * *
You block the hobgoblin's attack.
You are too injured to fight recklessly!
You are too injured to fight recklessly!
You are too injured to fight recklessly!
Unknown command.
You hit the hobgoblin.
You kill the hobgoblin!
Robin hits you from afar with a trident!
You die...

#.####..#.####.####.# #.## #.
.....>..............# #.# #.
#.######.#####.#########.#####
#.
#..............#.............#
########.#####.#.#############
#. # #.# ###.# #. # #.# #)# ##
# #.# #.# # #.# #@# #.#
#)################ #.#
#.g...g.g..g......
##################


You could see Robin.

Vanquished Creatures
  4 gnolls
  An adder (D:2)
  3 worms
  A ball python (D:2)
  A giant cockroach (D:2)
  9 hobgoblins
  2 jackals (D:1)
  A quokka (D:2)
  9 bats
  2 giant newts
  13 goblins
  6 kobolds
  4 rats (D:1)
56 creatures vanquished.

Notes
Turn   | Place    | Note
--------------------------------------------------------------
     0 | D:1      | Ordine the Octopode Fighter began the quest for the Orb.
     0 | D:1      | Reached XP level 1. HP: 16/16 MP: 1/1
   148 | D:1      | Reached XP level 2. HP: 9/21 MP: 2/2
   741 | D:1      | Reached XP level 3. HP: 26/26 MP: 3/3
  1086 | D:2      | Reached XP level 4. HP: 17/33 MP: 4/4
  1090 | D:2      | Reached skill level 4 in Fighting
  1652 | D:2      | Noticed Robin
  1700 | D:2      | Slain by Robin

Vault maps used:
D:1:      scummos_arrival_simple_crosswalls, hangedman_abyss_or_decor_stabs,
          minmay_vboxes
D:2:      nicolae_qazlal_eye_of_the_storm, uniq_jessica, uniq_robin

Action                   |  1- 3 |  4- 6 || total
-------------------------+-------+-------++-------
Melee: Long sword        |    57 |    47 ||   104
Throw: Stone             |     1 |       ||     1
 Stab: Sleeping          |     4 |     4 ||     8
  Eat: Chunk             |     1 |     1 ||     2
